 Dungeon Crawl Stone Soup version 0.29.0 (webtiles) character file.

Game seed: 3507601921395779812

1568 cpf86 the Cleaver (level 8, -6/71 HPs)
             Began as a Minotaur Fighter on Sept 5, 2022.
             Was an Initiate of Ru.
             Mangled by Joseph
             ... wielding a +0 quarterstaff
              (13 damage)
             ... on level 7 of the Dungeon.
             The game lasted 00:06:08 (6266 turns).

cpf86 the Cleaver (Minotaur Fighter)                Turns: 6266, Time: 00:06:09

Health: -6/71      AC:  9    Str: 22    XL:     8   Next: 59%
Magic:  7/7        EV:  9    Int:  5    God:    Ru [......]
Gold:   253        SH:  6    Dex: 17    Spells: 7/7 levels left

rFire   . . .      SeeInvis .   a - +0 war axe
rCold   . . .      Faith    .   c - +0 buckler
rNeg    . . .      Spirit   .   b - +0 scale mail
rPois   .          Reflect  .   (helmet restricted)
rElec   .          Harm     .   (no cloak)
rCorr   .          Rampage  .   (no gloves)
Will    .....                   H - +0 pair of boots
Stlth   ..........              (no amulet)
HPRegen 0.21/turn               A - +6 ring of dexterity
MPRegen 0.10/turn               (no ring)

@: mighty
A: horns 2, retaliatory headbutt
a: Renounce Religion


You were on level 7 of the Dungeon.
You worshipped Ru.
Ru was noncommittal.
You visited 2 branches of the dungeon, and saw 8 of its levels.

You collected 253 gold pieces.


Innate Abilities, Weirdness & Mutations

You have a pair of horns on your head.
You reflexively headbutt those who attack you in melee.


   Skills:
 + Level 6.8 Fighting
 * Level 8.6 Axes
 + Level 6.8 Armour
 + Level 6.8 Shields


You had 7 spell levels left.
You didn't know any spells.
Your spell library contained the following spells:

 Spells                   Type           Power      Damage    Failure   Level
 Conjure Flame            Conj/Fire      0%         6-21      99%         3
 Ignite Poison            Fire/Tmut/Pois 0%         N/A       99%         3
 Summon Guardian Golem    Hex/Summ       0%         N/A       99%         3
 Sticky Flame             Conj/Fire      0%         2d3       100%        4
 Summon Forest            Summ/Tloc      0%         N/A       100%        5
 Eringya's Noxious Bog    Tmut/Pois      0%         N/A       100%        6
 Orb of Destruction       Conj           0%         9d5       100%        7
 Spellforged Servitor     Conj/Summ      0%         N/A       100%        7
 Summon Hydra             Summ           0%         N/A       100%        7

Inventory:

Hand Weapons
 a - a +0 war axe (weapon)
Missiles
 l - 3 poisoned darts (quivered)
 o - 2 throwing nets {=f!f}
 x - 4 javelins
 z - 6 boomerangs
Armour
 b - a +0 scale mail (worn)
 c - a +0 buckler (worn)
 H - a +0 pair of boots (worn)
   (You found it on level 6 of the Dungeon)
Jewellery
 A - a +6 ring of dexterity (left hand)
   (You found it on level 4 of the Dungeon)
Wands
 D - a wand of flame (3)
   (You found it on level 5 of the Dungeon)
 G - a wand of mindburst (8)
   (You found it on level 6 of the Dungeon)
Scrolls
 e - 9 scrolls of identify {unknown}
 f - 2 scrolls of amnesia {unknown}
 h - 4 scrolls of immolation {!r!r}
 i - a scroll of butterflies {unknown}
 k - a scroll of noise {unknown}
 m - a scroll of poison {unknown}
 n - a scroll of summoning {unknown}
 p - 2 scrolls of fear {unknown}
 s - a scroll of vulnerability {unknown}
 t - a scroll of magic mapping {unknown}
 u - a scroll of enchant weapon {unknown}
 w - a scroll of brand weapon {unknown}
 y - a scroll of torment {unknown}
 B - a scroll of enchant armour {unknown}
 C - 2 scrolls of teleportation {unknown}
Potions
 d - a potion of might
 g - 7 potions of curing {unknown}
 j - 3 potions of heal wounds {unknown}
 q - a potion of ambrosia {unknown}
 r - a potion of lignification {unknown}
 v - 2 potions of flight {unknown}
 E - a potion of mutation {unknown}
 F - a potion of invisibility {unknown}

Dungeon Overview and Level Annotations

Branches:
Dungeon (7/15) Zot: 26697  Temple (1/1) D:6 Zot: 5836

Altars:
Ashenzari
Elyvilon
Fedhas
Gozag
Kikubaaqudgha
Makhleb
Okawaru
Ru
Sif Muna
Vehumet
Wu Jian
Yredelemnul

Annotations:
D:3 2 transporters
D:7 Joseph

######+### #..
.........# #(#
.........# ##.##
.........###...##
.........##.....##
.........#.......####
............._......#
#.##...5...##.#
#.####@###.....##..#
.......@..##..5##...#
..[........##.##....#
..............#..(.†#
..............#.....#
##...##....####...(.####
#### ###### ###+#.....
#..... #.....


You could see Joseph.


Message History

Aim: a shadow imp (inner flame, 60% to hit)
You throw a poisoned dart.
The poisoned dart barely misses the shadow imp.
Throw: 4 darts (poison)
Press: ? - help, Q - select action, (/) - cycle Shift-Dir - straight line, f/p - shadow imp
Aim: a shadow imp (inner flame, 60% to hit)
You throw a poisoned dart.
The poisoned dart hits the shadow imp. 😕 HP[+1]
The shadow imp shouts, "Take thy face hence, thou horrid boil-brained pumpion!"
The shadow imp gestures at you.
You struggle to resist.
There is an ornate altar of the Wu Jian Council here.
The shadow imp gestures at you.
You struggle to resist. 😕 HP[+1] Joseph, a Mercenary comes into view.
He is wielding a +0 quarterstaff.
You hit the water moccasin. The water moccasin closely misses you.
Joseph unwields a +0 quarterstaff.
Joseph wields a +1 sling of freezing.
It is covered in frost.
Joseph shoots a sling bullet.
You block the sling bullet. 😕 HP[+1]
The water moccasin barely misses you.
The water moccasin attacks as you move away!
The water moccasin bites you.
A white imp comes into view.
Joseph shoots a sling bullet.
The sling bullet hits you! The sling bullet freezes you.
The white imp shouts, "Capitulate, thou dankish beetle-headed scut!" 😮 HP[-20]
You take 20 damage, and now have 43/71 hp.
MASSIVE DAMAGE!! (PAUSE)
The water moccasin attacks as you move away!
The water moccasin closely misses you. The white imp gestures at you.
The puff of frost hits you!
* * * LOW HITPOINT WARNING * * *
The shadow imp gestures at you. Pain shoots through your body!
* * * LOW HITPOINT WARNING * * *
You block the water moccasin's attack. 😨 HP[-15]
You take 15 damage, and now have 28/71 hp.
MASSIVE DAMAGE!! (PAUSE)
The water moccasin attacks as you move away!
You block the water moccasin's attack.
The water moccasin attacks as you move away!
The water moccasin barely misses you. 😨 HP[+1]
You miss the water moccasin. You block the water moccasin's attack.
The water moccasin barely misses you.
You feel very mighty all of a sudden.
The water moccasin bites you but does no damage.
You closely miss the water moccasin.
The water moccasin bites you but does no damage. x2
You miss the water moccasin.
Your headbutt misses the water moccasin.
The water moccasin bites you but does no damage. x2 😨 HP[+1]
You barely miss the water moccasin.
The shadow imp's inner flame fades away.
The water moccasin bites you but does no damage.
You hit the water moccasin.
Your headbutt misses the water moccasin.
You block the water moccasin's attack. x2
You hit the water moccasin.
Your headbutt misses the water moccasin.
The water moccasin completely misses you.
You block the water moccasin's attack.
You barely miss the water moccasin. You headbutt the water moccasin!
The water moccasin misses you. 😨 HP[+1]
You barely miss the water moccasin. You headbutt the water moccasin.
You kill the water moccasin!
You slice the white imp!!
You kill the white imp!
You slice the shadow imp!!
You kill the shadow imp!
Joseph shoots a sling bullet.
The sling bullet barely misses you.
Joseph unwields a +1 sling of freezing.
Joseph wields a +0 quarterstaff.
Joseph hits you with a +0 quarterstaff.
* * * LOW HITPOINT WARNING * * *
You see here a water moccasin corpse. 😨 HP[-5]
You take 5 damage, and now have 26/71 hp.
You hit Joseph but do no damage. Joseph hits you with a +0 quarterstaff!
* * * LOW HITPOINT WARNING * * *
😱 HP[-12]
You take 12 damage, and now have 14/71 hp.
You closely miss Joseph. Your headbutt misses Joseph.
Joseph hits you with a +0 quarterstaff!
* * * LOW HITPOINT WARNING * * *
😱 HP[-8]
You take 8 damage, and now have 6/71 hp.
You slash Joseph! Joseph hits you but does no damage.
You barely miss Joseph. You block Joseph's attack.
You hit Joseph but do no damage. You block Joseph's attack. 😱 HP[+1]
You slash Joseph! You headbutt Joseph!! You block Joseph's attack.
You hit Joseph. Joseph hits you with a +0 quarterstaff!
You die...

Skill      XL: |  1  2  3  4  5  6  7  8 |
---------------+-------------------------+-----
Axes           | 3 4 5 6 7 8 |  8.6
Fighting       | 4 5 6 |  6.8
Armour         | 4 5 6 |  6.8
Shields        | 4 5 6 |  6.8

Action                   |  1- 3 |  4- 6 |  7- 9 || total
-------------------------+-------+-------+-------++-------
Melee: War axe           |    57 |   153 |   105 ||   315
       Headbutt          |     5 |    28 |    20 ||    53
Throw: Dart              |       |     3 |    18 ||    21
       Throwing net      |       |       |     2 ||     2
  Use: Potion            |     1 |       |     1 ||     2
       Scroll            |       |       |     1 ||     1
Armor: Scale mail        |    33 |    92 |    41 ||   166
Dodge: Dodged            |    29 |    77 |    37 ||   143
Block: Buckler           |    11 |    26 |    40 ||    77

Levels and vault maps discovered:
D:1:      minmay_arrival_up_and_down, layout_rooms
D:2:      layout_loops_corners, minmay_misc_feat_x, minmay_quadrilaterals
D:3:      layout_basic, lightli_temple_of_fire, evilmike_ruin_ashenzari,
          gammafunk_ghost_gnarly_gnolls
D:4:      layout_gridville, grunt_decor_cap
D:5:      layout_gridville
D:6:      layout_basic, temple_pool_b
D:7:      layout_gridville, lemuel_round_altar,
          gammafunk_temple_overflow_forgotten, bloody_trog, enter_bailey_1,
          minmay_shattered_shrine, uniq_maggie, uniq_prince_ribbit1, uniq_joseph
Temple:   hellmonk_temple_beads

Notes
Turn   | Place    | Note
-------+----------+-------------------------------------------
     0 | D:1      | cpf86 the Minotaur Fighter began the quest for the Orb.
     0 | D:1      | Reached XP level 1. HP: 19/19 MP: 0/0
     0 | D:1      | magus.rc [v1.9.6]
   104 | D:1      | Reached XP level 2. HP: 26/27 MP: 1/1
   126 | D:1      | Reached skill level 3 in Axes
   141 | D:1      | You pick up a book of Dangerous Friends and begin
                  | reading...
   141 | D:1      | You add the spells Summon Guardian Golem, Orb of
                  | Destruction and Spellforged Servitor to your library.
   552 | D:2      | Reached skill level 4 in Fighting
   552 | D:2      | Reached skill level 4 in Armour
   552 | D:2      | Reached skill level 4 in Shields
   552 | D:2      | Reached XP level 3. HP: 11/33 MP: 2/2
   816 | D:2      | Reached XP level 4. HP: 34/40 MP: 3/3
   850 | D:2      | You add the spells Conjure Flame, Ignite Poison and Sticky
                  | Flame to your library.
  1122 | D:2      | Reached skill level 4 in Axes
  1955 | D:3      | Found a transporter.
  1966 | D:3      | Found a transporter.
  1985 | D:3      | Identified the +12 spear "Qumnoez" {venom, rElec}
  2030 | D:3      | Found a broken altar of Ashenzari.
  2039 | D:3      | Reached XP level 5. HP: 47/47 MP: 4/4
  2478 | D:3      | Found a burning altar of Makhleb.
  3190 | D:5      | Entered Level 5 of the Dungeon
  3195 | D:5      | Noticed an ogre
  3206 | D:5      | Killed an ogre
  3207 | D:5      | Reached skill level 5 in Axes
  3207 | D:5      | Reached XP level 6. HP: 55/55 MP: 5/5
  3212 | D:5      | Reached skill level 5 in Armour
  3225 | D:4      | Reached skill level 5 in Fighting
  3225 | D:4      | Reached skill level 5 in Shields
  3553 | D:5      | Reached skill level 6 in Axes
  3583 | D:5      | Reached XP level 7. HP: 53/60 MP: 6/6
  3676 | D:5      | You add the spells Summon Forest, Eringya's Noxious Bog and
                  | Summon Hydra to your library.
  3835 | D:6      | HP: 2/61 [ogre/+0 giant club (23)]
  4159 | D:6      | Found a staircase to the Ecumenical Temple.
  4186 | Temple   | Entered the Ecumenical Temple
  4312 | Temple   | Became a worshipper of Ru the Awakened
  4455 | D:6      | HP: 15/61 [something (6)]
  4755 | D:6      | Reached skill level 7 in Axes
  4759 | D:6      | Reached skill level 6 in Armour
  4939 | D:6      | Reached skill level 6 in Fighting
  4939 | D:6      | Reached skill level 6 in Shields
  5185 | D:6      | Reached XP level 8. HP: 55/70 MP: 7/7
  5968 | D:7      | Noticed Prince Ribbit
  5999 | D:7      | Killed Prince Ribbit
  6000 | D:7      | Reached skill level 8 in Axes
  6214 | D:7      | Found an ornate altar of the Wu Jian Council.
  6241 | D:7      | Noticed Joseph
  6260 | D:7      | HP: 14/71 [Joseph/+0 quarterstaff (13)]
  6261 | D:7      | HP: 6/71 [Joseph/+0 quarterstaff (8)]
  6266 | D:7      | Mangled by Joseph

Vanquished Creatures
  Prince Ribbit (D:7)
  A water moccasin (D:7)
  A black bear (D:6)
  2 sky beasts (D:6)
  An ice beast (D:6)
  2 ogres
  A scorpion (D:5)
  2 necrophages
  A howler monkey (D:6)
  2 jellies (D:6)
  2 hounds (D:5)
  4 iguanas
  10 adders
  4 gnolls (D:2)
  A shadow imp (D:7)
  3 white imps
  5 ufetubi
  A worm (D:3)
  2 dart slugs
  13 orcs
  3 endoplasms
  3 giant cockroaches
  7 goblins
  6 hobgoblins
  4 jackals
  8 kobolds
  A quokka (D:3)
  9 ball pythons
  10 bats
  3 frilled lizards
  7 rats
120 creatures vanquished.

Vanquished Creatures (others)
  6 plants (D:3)
6 creatures vanquished.

Grand Total: 126 creatures vanquished

Table legend:
 A = Non-vault XP
 B = Vault XP
 C = Vault XP percentage of total XP
 D = Non-vault monster count
 E = Vault monster count
 F = Vault count percentage of total count
                 A         B        C        D         E       F
            +---------+---------+-------+---------+---------+-------
      Total |    1964 |     277 |  12.4 |     113 |       7 |   5.8
            +---------+---------+-------+---------+---------+-------
        D:1 |      34 |       0 |   0.0 |      21 |       0 |   0.0
        D:2 |     105 |       9 |   7.9 |      21 |       6 |  22.2
        D:3 |      68 |       0 |   0.0 |      25 |       0 |   0.0
        D:4 |     110 |       0 |   0.0 |      13 |       0 |   0.0
        D:5 |     462 |       0 |   0.0 |      14 |       0 |   0.0
        D:6 |     923 |       0 |   0.0 |      14 |       0 |   0.0
        D:7 |     262 |     268 |  50.6 |       5 |       1 |  16.7
            +---------+---------+-------+---------+---------+-------

Illustrated notes

Table legend:
 A = Kills in this place as a percentage of kills in entire the game.
 B = Kills by you in this place as a percentage of kills by you in the entire game.
 C = Kills by friends in this place as a percentage of kills by friends in the entire game.
 D = Other kills in this place as a percentage of other kills in the entire game.
 E = Experience gained in this place as a percentage of experience gained in the entire game.
 F = Experience gained in this place divided by the number of levels of this place that you have seen.
                   A       B       C       D       E      F
               +-------+-------+-------+-------+-------+----------------------
         Total | 100.0 | 100.0 |   N/A |   N/A | 100.0 | 280.1
       Dungeon | 100.0 | 100.0 |   N/A |   N/A | 100.0 | 320.1
               +-------+-------+-------+-------+-------+----------------------

Table legend: (Time is in decaauts)
 A = Elapsed time spent in this place.
 B = Non-inter-level travel time spent in this place.
 C = Inter-level travel time spent in this place.
 D = Time resting spent in this place.
 E = Time spent auto-exploring this place.
 F = Levels seen in this place.
 G = Mean time per level.
                   A        B        C        D        E       F      G
               +--------+--------+--------+--------+--------+-----+--------+
         Total |   6359 |   6068 |    291 |    350 |   4801 |   8 |  794.9 |
       Dungeon |   6195 |   5965 |    230 |    350 |   4712 |   7 |  885.0 |
        Temple |    163 |    102 |     61 |      0 |     89 |   1 |  163.0 |
               +--------+--------+--------+--------+--------+-----+--------+

Top non-repeatable levels by time:
     D:6: 1993 daAuts
     D:2: 1154 daAuts
     D:3: 889 daAuts
     D:4: 828 daAuts
     D:1: 529 daAuts
     D:5: 499 daAuts
     D:7: 301 daAuts
  Temple: 163 daAuts
